[Event "Titled Tuesday Blitz June 28 Early 2022"]
[White "Harvey, Marcus R"]
[Black "Al-Tarboush, Ward"]
[WhiteFideId "400092"]
[BlackFideId "7601450"]
[WhiteElo "2485"]
[BlackElo "2249"]
[Result "0-1"]
[Round "06"]
[TimeControl "180+1"]
[Date "2022.06.28"]
[WhiteClock "0:00:08"]
[BlackClock "0:00:04"]

1. d4 d5 2. c4 c6 3. cxd5 cxd5 4. Bf4 Nf6 5. e3 Nc6 6. Bb5 Qa5+ 7. Nc3 Bg4 8. Ne2 e6 9. O-O Bb4 10. f3 Bf5 11. a3 Be7 12. b4 Qb6 13. g4 Bg6 14. Bg3 O-O 15. Bf2 h6 16. h3 Rac8 17. Bd3 Bxd3 18. Qxd3 e5 19. Na4 Qd8 20. Ng3 exd4 21. exd4 Bd6 22. Nf5 Bb8 23. Nc5 b6 24. Na6 Bf4 25. Be3 Bxe3+ 26. Qxe3 Re8 27. Qf4 Re6 28. Rae1 Qd7 29. Rxe6 Qxe6 30. Kg2 Ne7 31. Nc7 Qd7 32. Rc1 Ng6 33. Qd6 Qa4 34. Re1 Qxa3 35. Kg3 Qb2 36. h4 Qd2 37. Ne7+ Nxe7 38. Rxe7 Qxd4 39. h5 Qg1+ 40. Kh3 Qh1+ 41. Kg3 Qg1+ 42. Kh3 Qf1+ 43. Kg3 d4 44. Qxd4 Qh1 45. Qe5 Qg1+ 46. Kh3 Qh1+ 47. Kg3 Qg1+ 48. Kf4 Qc1+ 49. Kg3 Qc6 50. Qf4 Qa4 51. b5 Qxf4+ 52. Kxf4 Rxc7 53. Re5 Rc4+ 54. Kg3 Rc5 55. Re7 Rxb5 56. Rxa7 Rb3 57. Rb7 Nd5 58. Rb8+ Kh7 59. Rb7 Nf6 60. Rxf7 b5 61. Kh4 Rxf3 62. Rb7 Rf4 63. Kh3 Rxg4 64. Rxb5 Rg5 65. Rb7 Rxh5+ 0-1


[Site "https://www.chess.com"]

[Event "Titled Tuesday Blitz June 28 Early 2022"]
[White "Heinemann, Josefine"]
[Black "Winkels, Marcel"]
[WhiteFideId "12900460"]
[BlackFideId "1003887"]
[WhiteElo "2300"]
[BlackElo "1900"]
[Result "1-0"]
[Round "06"]
[TimeControl "180+1"]
[Date "2022.06.28"]
[WhiteClock "0:00:47"]
[BlackClock "0:00:26"]

1. Nf3 Nf6 2. g3 g6 3. Bg2 Bg7 4. O-O O-O 5. c4 c6 6. Nc3 d5 7. d4 dxc4 8. Ne5 Be6 9. a4 Nbd7 10. Nf3 a5 11. Qc2 Nb6 12. e4 Bg4 13. Be3 Qc8 14. Ne5 Bh3 15. f3 Bxg2 16. Kxg2 Nfd7 17. Nxd7 Nxd7 18. Ne2 b5 19. Rfd1 Rd8 20. d5 Ne5 21. dxc6 Qxc6 22. axb5 Qxb5 23. Nd4 Qa6 24. b3 cxb3 25. Qxb3 Rab8 26. Qa2 Nc4 27. Bf2 Bxd4 28. Rxd4 Rxd4 29. Bxd4 e5 30. Bf2 Qb5 31. Rc1 Nd6 32. Rd1 Ne8 33. Rd2 a4 34. h4 Qb3 35. Qa1 a3 36. h5 f6 37. hxg6 hxg6 38. Rd7 Qb2 39. Qh1 1-0


[Site "https://www.chess.com"]

[Event "Titled Tuesday Blitz June 28 Early 2022"]
[White "Hollan, Petr"]
[Black "Mrudul Dehankar"]
[WhiteFideId "360945"]
[BlackFideId "25096990"]
[WhiteElo "2284"]
[BlackElo "1766"]
[Result "1-0"]
[Round "06"]
[TimeControl "180+1"]
[Date "2022.06.28"]
[WhiteClock "0:01:15"]
[BlackClock "0:00:01"]

1. e4 c5 2. Nf3 d6 3. d4 cxd4 4. Qxd4 a6 5. c4 Nc6 6. Qe3 g6 7. Be2 Bg7 8. O-O Nf6 9. h3 O-O 10. Nc3 Ne8 11. Rd1 Nc7 12. c5 Ne6 13. cxd6 exd6 14. b3 Re8 15. Bb2 Nc5 16. Rab1 b5 17. Nd5 Rxe4 18. Qd2 f6 19. Rbc1 Be6 20. Nc3 Bf5 21. Nxe4 Nxe4 22. Qd5+ 1-0


[Site "https://www.chess.com"]

[Event "Titled Tuesday Blitz June 28 Early 2022"]
[White "Horak, Martin"]
[Black "Daeschler, Florian"]
[WhiteFideId "367095"]
[BlackFideId "20678193"]
[WhiteElo "1997"]
[BlackElo "2221"]
[Result "0-1"]
[Round "06"]
[TimeControl "180+1"]
[Date "2022.06.28"]
[WhiteClock "0:00:02"]
[BlackClock "0:00:14"]

1. e4 c5 2. Nc3 d6 3. d4 cxd4 4. Qxd4 a6 5. b3 Nc6 6. Qd2 g6 7. Bb2 Bg7 8. O-O-O Nf6 9. Kb1 O-O 10. f3 b5 11. h4 h5 12. Nh3 b4 13. Nd5 Nxd5 14. Bxg7 Kxg7 15. exd5 Ne5 16. Qxb4 a5 17. Qd4 Kg8 18. a4 Bf5 19. Bb5 Qc7 20. Rd2 Rfb8 21. g4 hxg4 22. fxg4 Nxg4 23. h5 Qb6 24. hxg6 fxg6 25. Qb2 Qe3 26. Re2 Qf3 27. Ree1 Ne5 28. Ng5 Qxd5 29. Rxe5 Qxe5 30. Bc4+ Kg7 31. Rh7+ Kf6 32. Nf3 Qxb2+ 33. Kxb2 e6 34. Nd4 Rh8 35. Rd7 d5 36. Bb5 Ke5 37. Nc6+ Kf4 38. c4 Rh2+ 39. Ka3 Bb1 40. b4 axb4+ 41. Nxb4 g5 42. cxd5 exd5 43. Nxd5+ Kg3 44. Nc3 Bf5 45. Rd5 Rf8 46. a5 g4 47. a6 Rc2 48. Kb3 Rf2 49. a7 Kh2 0-1


[Site "https://www.chess.com"]

[Event "Titled Tuesday Blitz June 28 Early 2022"]
[White "Ianov, Viktor"]
[Black "OKEKE, Isaac Chukwudalu"]
[WhiteFideId "14102730"]
[BlackFideId "8508526"]
[WhiteElo "2152"]
[BlackElo "2102"]
[Result "0-1"]
[Round "06"]
[TimeControl "180+1"]
[Date "2022.06.28"]
[WhiteClock "0:02:35"]
[BlackClock "0:02:23"]

1. Nf3 d5 2. g3 Bg4 3. Bg2 c6 4. d3 e6 5. h3 Bxf3 6. Bxf3 Nf6 7. Nd2 Nbd7 8. c4 Bc5 9. O-O Qc7 10. b3 Qxg3+ 11. Bg2 h5 12. b4 Ng4 13. hxg4 hxg4 0-1


[Site "https://www.chess.com"]

[Event "Titled Tuesday Blitz June 28 Early 2022"]
[White "Ivanov, Mike"]
[Black "Ardila, Oscar Humberto"]
[WhiteFideId "2613158"]
[BlackFideId "4404742"]
[WhiteElo "2182"]
[BlackElo "1956"]
[Result "0-1"]
[Round "06"]
[TimeControl "180+1"]
[Date "2022.06.28"]
[WhiteClock "0:00:02"]
[BlackClock "0:01:04"]

1. e4 e5 2. Nf3 Nf6 3. Nxe5 d6 4. Nxf7 Kxf7 5. d4 c5 6. Bc4+ Be6 7. d5 Bg4 8. f3 Bh5 9. O-O Be7 10. Nc3 Re8 11. g4 Bg6 12. g5 Nfd7 13. f4 Kg8 14. a4 Bf8 15. a5 Bxe4 16. Nxe4 Rxe4 17. Bd3 Qe7 18. Bxe4 Qxe4 19. Re1 Qg6 20. Re6 Qf7 21. Qg4 Na6 22. c4 Nb4 23. Ra3 Nc2 24. Rh3 g6 25. Bd2 Bg7 26. Bc3 Bd4+ 27. Bxd4 Nxd4 28. Rxd6 Nf8 29. Rf6 Qe7 30. Rg3 Qe1+ 31. Kg2 Re8 32. d6 Nf5 33. Kh3 Qf1+ 34. Rg2 Re3+ 35. Qg3 Nxg3 36. hxg3 Re2 0-1


[Site "https://www.chess.com"]

[Event "Titled Tuesday Blitz June 28 Early 2022"]
[White "Janaszak, Dawid"]
[Black "Petrova, Irina"]
[WhiteFideId "1119206"]
[BlackFideId "14124122"]
[WhiteElo "2199"]
[BlackElo "1993"]
[Result "1-0"]
[Round "06"]
[TimeControl "180+1"]
[Date "2022.06.28"]
[WhiteClock "0:01:44"]
[BlackClock "0:00:18"]

1. e4 d6 2. Nc3 Nf6 3. d4 e5 4. Nge2 Nc6 5. h3 exd4 6. Nxd4 Be7 7. Bf4 O-O 8. Qd2 Re8 9. O-O-O Bf8 10. f3 a6 11. g4 Nxd4 12. Qxd4 Nd7 13. g5 b5 14. h4 Bb7 15. h5 Ne5 16. Be2 c5 17. Qg1 b4 18. Nd5 Bxd5 19. Rxd5 Qa5 20. Kb1 Qc7 21. g6 fxg6 22. hxg6 Nxg6 23. Bc4 Qf7 24. Rxc5 Re6 25. Rf5 Qd7 26. Be3 Rc8 27. Bb3 Kh8 28. Rxh7+ Kxh7 29. Rh5+ Kg8 30. Qxg6 Re8 31. Qh7+ Kf7 32. Rf5+ Ke7 33. Bg5+ Rf6 34. Bxf6# 1-0


[Site "https://www.chess.com"]

[Event "Titled Tuesday Blitz June 28 Early 2022"]
[White "Jaracz, Pawel"]
[Black "Shimanov, Aleksandr"]
[WhiteFideId "1102222"]
[BlackFideId "4198603"]
[WhiteElo "2669"]
[BlackElo "2898"]
[Result "0-1"]
[Round "06"]
[TimeControl "180+1"]
[Date "2022.06.28"]
[WhiteClock "0:00:17"]
[BlackClock "0:00:21"]

1. e4 e6 2. d4 d5 3. Nd2 c5 4. exd5 Qxd5 5. Ngf3 cxd4 6. Bc4 Qd6 7. O-O Nf6 8. Nb3 Nc6 9. Nbxd4 Nxd4 10. Nxd4 Be7 11. Nb5 Qc6 12. Qe2 O-O 13. Bf4 a6 14. Nd4 Qc5 15. Nb3 Qb6 16. Rad1 Bd7 17. Bd3 Rfd8 18. Be5 Be8 19. Qf3 Rd5 20. Rfe1 Rad8 21. Qh3 h6 22. Qf3 a5 23. Nd2 Qa7 24. Qg3 Nh5 25. Qh3 Nf6 26. Qg3 Bc6 27. b3 b5 28. Bb2 Nh5 29. Qf3 Rxd3 30. Qg4 Rxd2 0-1


[Site "https://www.chess.com"]

[Event "Titled Tuesday Blitz June 28 Early 2022"]
[White "Jeet, Jain"]
[Black "Liyanage, Ranindu Dilshan"]
[WhiteFideId "5073022"]
[BlackFideId "9915834"]
[WhiteElo "2055"]
[BlackElo "1858"]
[Result "0-1"]
[Round "06"]
[TimeControl "180+1"]
[Date "2022.06.28"]
[WhiteClock "0:00:14"]
[BlackClock "0:00:17"]

1. d4 Nf6 2. Nf3 e6 3. e3 d5 4. b3 c5 5. Bb2 Nc6 6. Be2 Bd6 7. O-O b6 8. Nbd2 Bb7 9. Ne5 O-O 10. f4 Ne7 11. Bd3 cxd4 12. exd4 Ne4 13. Qe2 f5 14. Ndf3 Rc8 15. c4 Nc6 16. Rac1 Qe7 17. cxd5 exd5 18. Ba6 Nb4 19. Bxb7 Qxb7 20. a3 Na2 21. Rxc8 Rxc8 22. Qd3 Qc7 23. Ra1 Qc2 24. Qxc2 Rxc2 25. Rxa2 Nc3 26. Bxc3 Rxa2 27. a4 Ba3 28. Be1 Rb2 29. Nc6 a5 30. Nd2 Rc2 31. Kf2 Rxc6 32. Ke3 Bb4 33. Kd3 Rc3+ 34. Ke2 Kf7 35. g3 Rc2 36. Kd3 Rb2 37. h4 Bxd2 38. Bxd2 Rxb3+ 0-1


[Site "https://www.chess.com"]

[Event "Titled Tuesday Blitz June 28 Early 2022"]
[White "Jiganchine, Roman"]
[Black "Johnson, Donald"]
[WhiteFideId "2603667"]
[BlackFideId "30949122"]
[WhiteElo "2294"]
[BlackElo "1724"]
[Result "0-1"]
[Round "06"]
[TimeControl "180+1"]
[Date "2022.06.28"]
[WhiteClock "0:00:52"]
[BlackClock "0:01:23"]

1. Nf3 g6 2. d4 Nf6 3. Nc3 d5 4. Bf4 Bg7 5. e3 O-O 6. Be2 c5 7. h3 cxd4 8. exd4 Nc6 9. O-O Ne4 10. Bb5 Nxc3 11. bxc3 Bd7 12. Re1 Rc8 13. Bf1 Na5 14. Ne5 Bf5 15. Bd2 Nc6 16. Bd3 Bxd3 17. cxd3 Qc7 18. Nxc6 bxc6 19. Qe2 e6 20. Rab1 Rb8 21. Qf3 Qa5 22. Bf4 Rxb1 23. Rxb1 Qxc3 24. Rb7 Bxd4 25. Bd6 Qe1+ 26. Kh2 Bxf2 27. h4 Qg1+ 28. Kh3 Qh1+ 29. Kg4 Qxh4# 0-1


[Site "https://www.chess.com"]

[Event "Titled Tuesday Blitz June 28 Early 2022"]
[White "Jones, Gawain C B"]
[Black "Yoo, Christopher Woojin"]
[WhiteFideId "409561"]
[BlackFideId "30909694"]
[WhiteElo "2843"]
[BlackElo "2979"]
[Result "1-0"]
[Round "06"]
[TimeControl "180+1"]
[Date "2022.06.28"]
[WhiteClock "0:00:17"]
[BlackClock "0:00:02"]

1. Nf3 d5 2. g3 Bf5 3. Bg2 e6 4. c4 c6 5. d3 Nf6 6. Qb3 Qc8 7. Nh4 Bg6 8. Nxg6 hxg6 9. Nc3 Nbd7 10. Be3 Ng4 11. Bd2 Bc5 12. e3 Nde5 13. Qc2 dxc4 14. dxc4 Qd7 15. Ne4 Be7 16. Bc3 f5 17. Rd1 Qc7 18. h3 Nh6 19. Nd2 O-O 20. f4 Nef7 21. Nf3 Bf6 22. g4 g5 23. Bxf6 gxf6 24. Nd4 Rae8 25. O-O c5 26. Nb5 Qe7 27. Rd2 a6 28. Rfd1 Rd8 29. Nc3 Nd6 30. b3 Kh8 31. Bf3 Rg8 32. Rg2 Ndf7 33. Rxd8 Rxd8 34. Rd2 Rg8 35. Qd1 gxf4 36. Rd7 Qf8 37. exf4 fxg4 38. hxg4 Nxg4 39. Bxg4 f5 40. Kf2 Rxg4 41. Qh1+ Kg8 42. Ne2 Qh6 43. Qxh6 Nxh6 44. Rxb7 e5 45. Rb6 1-0


[Site "https://www.chess.com"]

[Event "Titled Tuesday Blitz June 28 Early 2022"]
[White "Jovic, Stanoje"]
[Black "Yaksin, Oleg"]
[WhiteFideId "905020"]
[BlackFideId "24105880"]
[WhiteElo "2286"]
[BlackElo "2256"]
[Result "1-0"]
[Round "06"]
[TimeControl "180+1"]
[Date "2022.06.28"]
[WhiteClock "0:01:09"]
[BlackClock "0:00:04"]

1. c4 e5 2. g3 Nc6 3. Bg2 Nf6 4. Nf3 g6 5. d4 exd4 6. Nxd4 Bg7 7. Nxc6 bxc6 8. O-O O-O 9. Qa4 Qe7 10. Nc3 Bb7 11. Bf4 Rfc8 12. Rad1 Qe8 13. c5 a5 14. Rd2 h6 15. Rfd1 g5 16. Be3 Rd8 17. Bd4 d5 18. cxd6 cxd6 19. Bb6 Rdc8 20. Rxd6 Ra6 21. Bd4 Qe7 22. Bxf6 Bxf6 23. Rd7 Qb4 24. Qxb4 axb4 25. Ne4 Bxb2 26. Rxb7 c5 27. Rdd7 c4 28. Nd6 Rf8 29. Nxc4 Bc3 30. Bd5 Rxa2 31. e3 Ra1+ 32. Kg2 Ra6 33. Nd6 1-0


[Site "https://www.chess.com"]

[Event "Titled Tuesday Blitz June 28 Early 2022"]
[White "Kamsky, Gata"]
[Black "Xiong, Jeffery"]
[WhiteFideId "2000024"]
[BlackFideId "2047640"]
[WhiteElo "2948"]
[BlackElo "3024"]
[Result "0-1"]
[Round "06"]
[TimeControl "180+1"]
[Date "2022.06.28"]
[WhiteClock "0:00:07"]
[BlackClock "0:00:20"]

1. d4 Nf6 2. Nf3 g6 3. c3 Bg7 4. Bg5 O-O 5. Nbd2 d6 6. e4 c5 7. dxc5 dxc5 8. Bc4 Nc6 9. O-O Qc7 10. Qe2 h6 11. Bh4 Nh5 12. Qe3 b6 13. Rfe1 g5 14. Bg3 Nxg3 15. hxg3 Bb7 16. Nh2 Rad8 17. f4 Nd4 18. Rac1 b5 19. Bf1 c4 20. b3 gxf4 21. gxf4 Ne6 22. e5 Qb6 23. Qxb6 axb6 24. Nhf3 Nxf4 25. bxc4 bxc4 26. Nxc4 Ra8 27. Rc2 b5 28. Ncd2 Rfb8 29. Rb2 Bd5 30. c4 bxc4 31. Rxb8+ Rxb8 32. Bxc4 Bc6 33. Bb3 e6 34. Re3 Bf8 35. Kh2 Bb4 36. Ne4 Kg7 37. Nf6 Rd8 38. Nh4 Rd3 0-1


[Site "https://www.chess.com"]

[Event "Titled Tuesday Blitz June 28 Early 2022"]
[White "Karaev, Seit-Amet"]
[Black "Pourkashiyan, Atousa"]
[WhiteFideId "4169549"]
[BlackFideId "12502014"]
[WhiteElo "2272"]
[BlackElo "2247"]
[Result "0-1"]
[Round "06"]
[TimeControl "180+1"]
[Date "2022.06.28"]
[WhiteClock "0:01:03"]
[BlackClock "0:00:40"]

1. e4 e5 2. f4 d5 3. exd5 exf4 4. Nf3 Nf6 5. c4 Bd6 6. d4 O-O 7. Be2 Re8 8. O-O Bg4 9. Nc3 Nbd7 10. c5 Bf8 11. Bxf4 Ne4 12. Bc4 Ndf6 13. Qb3 Bxf3 14. Rxf3 Nh5 15. Raf1 Nxf4 16. Rxf4 Nd2 17. Qa4 Nxf1 18. Rxf1 Qh4 19. Bb3 Re1 20. Qc4 Rae8 21. g3 Rxf1+ 22. Qxf1 Qxd4+ 23. Kg2 Qf6 24. Qc4 Re3 25. d6 Qf3+ 26. Kh3 Re5 27. Qxf7+ Qxf7 28. dxc7 Rxc5 29. Bxf7+ Kxf7 30. Ne4 Rxc7 0-1


[Site "https://www.chess.com"]

[Event "Titled Tuesday Blitz June 28 Early 2022"]
[White "Karavade, Eesha"]
[Black "Hambleton, Aman"]
[WhiteFideId "5012600"]
[BlackFideId "2606577"]
[WhiteElo "2258"]
[BlackElo "2552"]
[Result "0-1"]
[Round "06"]
[TimeControl "180+1"]
[Date "2022.06.28"]
[WhiteClock "0:00:08"]
[BlackClock "0:00:03"]

1. d4 Nf6 2. c4 e6 3. Nf3 b6 4. g3 Ba6 5. Nbd2 Bb4 6. Qc2 Bb7 7. Bg2 Be4 8. Qd1 Bxd2+ 9. Qxd2 O-O 10. O-O d6 11. b3 Nc6 12. Bb2 Ne7 13. Rfd1 Re8 14. Bf1 Bxf3 15. exf3 d5 16. Rac1 c6 17. cxd5 Nfxd5 18. Ba3 Qd7 19. Bd3 Rac8 20. f4 g6 21. h4 h5 22. Rc2 Nf5 23. Rdc1 Nxd4 24. Be2 Nxc2 25. Qxc2 c5 26. Bb2 Nb4 27. Qc3 Qd4 28. a3 Qxc3 29. Bxc3 Na2 30. Rc2 Nxc3 31. Rxc3 Red8 32. Ba6 Rc7 33. Kg2 Rd4 34. b4 Kf8 35. Kf3 Ke7 36. bxc5 Rxc5 37. Re3 Ra4 38. Be2 Rca5 39. Kg2 Rxa3 40. Re4 R5a4 41. Re5 Ra5 42. Re4 Ra2 43. Bf1 Rc5 44. Rd4 Rcc2 45. Bd3 Rxf2+ 46. Kg1 Rfd2 0-1


[Site "https://www.chess.com"]

[Event "Titled Tuesday Blitz June 28 Early 2022"]
[White "Kjartansson, David"]
[Black "Yuan, Qingyu"]
[WhiteFideId "2301130"]
[BlackFideId "8609772"]
[WhiteElo "2382"]
[BlackElo "2359"]
[Result "0-1"]
[Round "06"]
[TimeControl "180+1"]
[Date "2022.06.28"]
[WhiteClock "0:00:01"]
[BlackClock "0:00:03"]

1. d4 d5 2. Nc3 Nf6 3. Bf4 c5 4. e3 cxd4 5. exd4 Bg4 6. f3 Bd7 7. Nb5 Bxb5 8. Bxb5+ Nc6 9. c3 Rc8 10. Ne2 e6 11. O-O Be7 12. Bd3 O-O 13. Kh1 Na5 14. g4 Nc4 15. Qc2 g6 16. b3 Nd6 17. h4 a6 18. h5 Kg7 19. Be5 g5 20. f4 h6 21. fxg5 hxg5 22. Ng3 Kh6 23. Qe2 Nd7 24. Rf3 Rxc3 25. Raf1 Qe8 26. Bb1 Rxf3 27. Qxf3 f6 28. Qd3 Qf7 29. Qd2 Qg7 30. Bxd6 Bxd6 31. Ne2 Re8 32. Bg6 Rc8 33. Rc1 Rxc1+ 34. Qxc1 Nf8 35. Bd3 Qc7 36. Qe3 Bf4 37. Qf3 Qd6 38. Kg2 e5 39. Nxf4 gxf4 40. Bf5 e4 41. Qc3 f3+ 42. Kh3 Ne6 43. Bxe6 Qxe6 44. Qc5 Kg5 45. Qc1+ e3 46. Qc7 Qxg4+ 47. Kh2 Qg2# 0-1


[Site "https://www.chess.com"]

[Event "Titled Tuesday Blitz June 28 Early 2022"]
[White "Kollars, Dmitrij"]
[Black "Andreikin, Dmitry"]
[WhiteFideId "12909572"]
[BlackFideId "4158814"]
[WhiteElo "3017"]
[BlackElo "3095"]
[Result "0-1"]
[Round "06"]
[TimeControl "180+1"]
[Date "2022.06.28"]
[WhiteClock "0:00:05"]
[BlackClock "0:00:08"]

1. e4 c5 2. Nf3 e6 3. c3 d5 4. exd5 Qxd5 5. d4 Nf6 6. Na3 Qd8 7. dxc5 Qxd1+ 8. Kxd1 Bxc5 9. Nb5 Na6 10. b4 Bxf2 11. a4 Ke7 12. Kc2 Bd7 13. Kb3 Bc6 14. Ra2 Bb6 15. a5 Bc7 16. Be3 Nd5 17. Bd4 f6 18. Nxa7 e5 19. Bxa6 exd4 20. Nxc6+ bxc6 21. Bb7 Rab8 22. Bxc6 Nxc3 23. Rd2 Bxa5 24. Rxd4 Rhc8 25. Bd7 Rc7 26. Re1+ Kf8 27. Bf5 Nd5 28. Rxd5 Bxb4 29. Re4 Be1+ 30. Ka3 Ra7+ 31. Ra4 Bb4+ 32. Kb3 Be7+ 33. Kc2 Rxa4 34. Nd4 g6 35. Bd3 Kf7 36. Rd7 Rd8 37. Rxd8 Bxd8 38. Nc6 Bc7 39. Kb3 Rh4 40. Bc4+ Kg7 41. h3 f5 42. Bd5 Kf6 43. Kc3 Be5+ 44. Kd3 Ra4 45. Bf3 h5 46. Kc2 Rc4+ 47. Kd3 Rc5 48. Nb4 g5 49. Ba8 g4 50. hxg4 hxg4 51. Nd5+ Kg5 52. Ne3 Rc3+ 53. Kd2 f4 54. Nd5 Ra3 55. Bc6 Ra2+ 56. Ke1 Rxg2 57. Nxf4 Rc2 58. Nd3 Rxc6 59. Nxe5 Re6 0-1


[Site "https://www.chess.com"]

[Event "Titled Tuesday Blitz June 28 Early 2022"]
[White "Krishnakumar, Sriram"]
[Black "Kapitsyn, Mark"]
[WhiteFideId "30915856"]
[BlackFideId "4116240"]
[WhiteElo "2421"]
[BlackElo "2271"]
[Result "0-1"]
[Round "06"]
[TimeControl "180+1"]
[Date "2022.06.28"]
[WhiteClock "0:00:41"]
[BlackClock "0:00:09"]

1. e4 c5 2. Nf3 e6 3. g3 Nc6 4. Bg2 Nf6 5. Qe2 d5 6. exd5 Nxd5 7. O-O Be7 8. d3 O-O 9. Rd1 Nd4 10. Nxd4 cxd4 11. Nd2 Bf6 12. Ne4 Re8 13. b3 Rb8 14. Bb2 b6 15. a4 Bb7 16. a5 bxa5 17. Qd2 Nb4 18. Nxf6+ Qxf6 19. Bxb7 Rxb7 20. Rxa5 h5 21. Ra4 Nd5 22. Bxd4 Qf3 23. Qg5 Qxd1+ 24. Kg2 e5 25. Bxe5 f6 26. Bxf6 Nxf6 27. Rf4 Rf7 28. Qg6 Qe2 29. h4 Qe5 30. d4 Qd5+ 31. Kf1 Qb5+ 32. c4 Qxb3 33. Rxf6 Qxc4+ 34. Kg2 Qd5+ 35. Kh2 Rxf6 36. Qxe8+ Rf8 37. Qe3 Qf3 38. Qe6+ Qf7 39. Qe3 Qxf2+ 40. Qxf2 Rxf2+ 41. Kg1 Rd2 42. Kh1 Rxd4 43. Kg1 Rd2 44. Kh1 a5 45. Kg1 a4 0-1


[Site "https://www.chess.com"]

[Event "Titled Tuesday Blitz June 28 Early 2022"]
[White "Kucuksari, Kaan"]
[Black "Namitbir Singh Walia"]
[WhiteFideId "6380166"]
[BlackFideId "35071068"]
[WhiteElo "2305"]
[BlackElo "1565"]
[Result "1-0"]
[Round "06"]
[TimeControl "180+1"]
[Date "2022.06.28"]
[WhiteClock "0:00:57"]
[BlackClock "0:00:03"]

1. d4 Nf6 2. c4 e6 3. g3 d5 4. Nf3 Bb4+ 5. Bd2 Bd6 6. Bg2 O-O 7. O-O c6 8. Qb3 b6 9. Bg5 Nbd7 10. Nc3 Ba6 11. cxd5 cxd5 12. Rfc1 h6 13. Bxf6 Nxf6 14. e3 Qe7 15. Nb5 Bxb5 16. Qxb5 Rfc8 17. Qa6 Qd7 18. Bf1 Ne4 19. Bb5 Rxc1+ 20. Rxc1 Qe7 21. Rc6 g5 22. Bd3 Nf6 23. Rxb6 axb6 24. Qxa8+ Kg7 25. Qc6 Bc7 26. b4 Ng4 27. a3 Qd8 28. h4 gxh4 29. Nxh4 Qf6 30. Qc2 Bd6 31. Bf5 Nxe3 32. fxe3 Bxg3 33. Bxe6 Bxh4 34. Bxd5 Bg5 35. Qf2 Qe7 36. e4 Qf6 37. a4 1-0


[Site "https://www.chess.com"]

[Event "Titled Tuesday Blitz June 28 Early 2022"]
[White "Kuzmin, Roman"]
[Black "Nguyen, Quoc Hy"]
[WhiteFideId "44134932"]
[BlackFideId "12410853"]
[WhiteElo "1968"]
[BlackElo "1938"]
[Result "0-1"]
[Round "06"]
[TimeControl "180+1"]
[Date "2022.06.28"]
[WhiteClock "0:00:01"]
[BlackClock "0:00:39"]

1. e4 c5 2. Nf3 d6 3. d4 cxd4 4. Nxd4 Nf6 5. Nc3 e5 6. Bb5+ Bd7 7. Bxd7+ Qxd7 8. Nf5 Nxe4 9. Nxe4 Qxf5 10. Nxd6+ Bxd6 11. Qxd6 Nc6 12. c3 Rd8 13. Qc5 Qe4+ 14. Be3 Qxg2 15. Ke2 Qd5 16. Rhg1 Qxc5 17. Bxc5 b6 18. Be3 Kf8 19. b4 f6 20. a4 Kf7 21. a5 bxa5 22. b5 Ne7 23. c4 Rc8 24. Rgc1 Rc7 25. Rxa5 Rhc8 26. Kd3 Rd7+ 27. Ke2 Rcc7 28. c5 Nf5 29. c6 Nd4+ 30. Bxd4 Rxd4 0-1


[Site "https://www.chess.com"]

[Event "Titled Tuesday Blitz June 28 Early 2022"]
[White "Ladan, Nicholas"]
[Black "Costachi, Mihnea"]
[WhiteFideId "30918855"]
[BlackFideId "1217518"]
[WhiteElo "2167"]
[BlackElo "2476"]
[Result "1/2-1/2"]
[Round "06"]
[TimeControl "180+1"]
[Date "2022.06.28"]
[WhiteClock "0:00:04"]
[BlackClock "0:00:04"]

1. d4 Nf6 2. c4 c5 3. d5 e6 4. Nc3 g6 5. Nf3 exd5 6. cxd5 Bg7 7. g3 O-O 8. Bg2 a6 9. a4 d6 10. O-O Re8 11. Re1 Nbd7 12. Bf4 Qc7 13. a5 Rb8 14. Qa4 b5 15. axb6 Nxb6 16. Qc6 Qxc6 17. dxc6 Nc4 18. Rec1 Nxb2 19. Bxd6 Rb6 20. Nd2 Bh6 21. e3 Nd3 22. Na4 Rb4 23. Rcb1 Nxf2 24. Bxc5 Rxb1+ 25. Rxb1 Nd3 26. Nc4 Be6 27. Nd6 Nxc5 28. Nxe8 Bxe3+ 29. Kf1 Nxe8 30. Rb8 Kf8 31. Nxc5 Bxc5 32. c7 Ke7 33. c8=Q Bxc8 34. Rxc8 a5 35. Ra8 Bb4 36. Ra7+ Ke6 37. Bh3+ Kf6 38. Ke2 Nd6 39. Bg2 Ke5 40. Bc6 Kd4 41. Kf3 h5 42. Ba4 g5 43. Bb3 g4+ 44. Kg2 f5 45. Bf7 Nxf7 46. Rxf7 a4 47. Ra7 a3 48. Kf2 Kd3 49. Ra4 Kc3 50. Ke3 Kb3 51. Ra8 a2 52. Rxa2 Kxa2 53. Kf4 Bc5 54. Kxf5 Be3 55. Kg6 h4 56. Kh5 hxg3 57. hxg3 Bf4 58. Kxg4 Bxg3 1/2-1/2


[Site "https://www.chess.com"]

[Event "Titled Tuesday Blitz June 28 Early 2022"]
[White "Ladopoulos, Dimitrios"]
[Black "Ibarra Jerez, Jose Carlos"]
[WhiteFideId "4239580"]
[BlackFideId "2226332"]
[WhiteElo "2734"]
[BlackElo "2900"]
[Result "0-1"]
[Round "06"]
[TimeControl "180+1"]
[Date "2022.06.28"]
[WhiteClock "0:00:26"]
[BlackClock "0:01:31"]

1. Nf3 Nf6 2. d4 g6 3. g3 d6 4. Bg2 Bg7 5. O-O O-O 6. c4 Bf5 7. Ne1 Nc6 8. Nc3 Na5 9. b3 c5 10. Bb2 cxd4 11. Qxd4 Nc6 12. Qd2 Qa5 13. Nc2 Ne4 14. Bxe4 Bxe4 15. Ne3 Nd4 16. Rfd1 Bf3 17. Ned5 e6 18. Nf4 Bxe2 19. Qxd4 Bxd4 20. Rxd4 Bf3 21. Rxd6 Rfd8 22. Rd3 Rxd3 23. Nxd3 Rd8 24. Ne1 Rd2 0-1


[Site "https://www.chess.com"]

[Event "Titled Tuesday Blitz June 28 Early 2022"]
[White "Large, Peter G"]
[Black "Samunenkov, Ihor"]
[WhiteFideId "400866"]
[BlackFideId "14187086"]
[WhiteElo "2064"]
[BlackElo "2409"]
[Result "0-1"]
[Round "06"]
[TimeControl "180+1"]
[Date "2022.06.28"]
[WhiteClock "0:00:04"]
[BlackClock "0:00:05"]

1. Nf3 Nf6 2. b3 c5 3. Bb2 Nc6 4. e3 d5 5. Bb5 Bd7 6. O-O e6 7. d3 Bd6 8. Bxc6 Bxc6 9. Ne5 Qc7 10. f4 O-O 11. Nd2 Be8 12. Ng4 Nxg4 13. Qxg4 f5 14. Qh3 e5 15. Nf3 exf4 16. Ng5 h6 17. Ne6 Qf7 18. Nxf8 Kxf8 19. exf4 d4 20. Bc1 Bc6 21. Bd2 Bd5 22. Rae1 Kg8 23. Re2 Kh7 24. Rfe1 b5 25. Qg3 c4 26. h3 Rc8 27. Kh2 c3 28. Bc1 b4 29. Qf2 Qf6 30. Re8 Rxe8 31. Rxe8 Bb7 32. Qe2 Bd5 33. Rc8 Qh4 34. Qf1 a5 35. g3 Qe7 36. Qf2 Bb7 37. Rc4 Bc5 38. Kg1 Qd6 39. Kf1 Qd5 40. Ke2 Ba6 41. Qf3 Qe6+ 42. Kf2 Bxc4 43. bxc4 a4 44. g4 Kg6 45. Qd5 Qxd5 46. cxd5 Kf6 47. Kf3 g6 0-1


[Site "https://www.chess.com"]

[Event "Titled Tuesday Blitz June 28 Early 2022"]
[White "Le, Quang Liem"]
[Black "Timofeev, Artyom"]
[WhiteFideId "12401137"]
[BlackFideId "4140419"]
[WhiteElo "2980"]
[BlackElo "2843"]
[Result "1-0"]
[Round "06"]
[TimeControl "180+1"]
[Date "2022.06.28"]
[WhiteClock "0:00:19"]
[BlackClock "0:00:02"]

1. Nf3 Nf6 2. g3 g6 3. b3 Bg7 4. Bb2 O-O 5. Bg2 d6 6. d4 Re8 7. O-O Nbd7 8. c4 c6 9. Nc3 e5 10. e4 exd4 11. Nxd4 Nc5 12. Qc2 Qc7 13. Rad1 Bg4 14. Rd2 Rad8 15. h3 Bc8 16. b4 Ne6 17. Nxe6 Bxe6 18. Ne2 a5 19. a3 axb4 20. axb4 Qb6 21. Qb3 Qa6 22. Rc1 b5 23. cxb5 Qxb5 24. Qd3 Qxb4 25. Rxc6 Nxe4 26. Bxe4 Bxb2 27. Nf4 Bd7 28. Rxd6 Rxe4 29. Rxd7 Rxd7 30. Qxd7 Bc3 31. Rd1 Re1+ 32. Rxe1 Bxe1 33. Nd3 Bxf2+ 34. Nxf2 Qb3 35. Qd6 h5 36. Qf4 Qa2 37. Qd4 Qb3 38. Ne4 Qa2 39. Nf6+ Kf8 40. Nd5 Kg8 41. h4 Qb3 42. Ne3 Qb1+ 43. Kf2 Qa2+ 44. Kf3 Qb3 45. Qd5 Qa3 46. Qe5 Qb3 47. Kg2 Qa2+ 48. Kh3 Qb1 49. Kh2 Qa2+ 50. Ng2 Qb3 51. Qe1 Qa2 52. Kh3 Qb3 53. Nf4 Qa2 54. Qe8+ Kg7 55. Qe5+ Kg8 56. Qd5 Qa1 57. Kg2 Qb2+ 58. Kf3 Qc3+ 59. Nd3 Qa3 60. Ke4 Qa4+ 61. Ke3 Qa3 62. Qd8+ Kg7 63. Qd4+ Kg8 64. Kf4 Qa2 65. Ne5 Qe6 66. Qd7 Qb3 67. Qc8+ Kg7 68. Qc4 Qb2 69. Qxf7+ 1-0


[Site "https://www.chess.com"]